 Dungeon Sprint DCSS version 0.28-a0-932-g843f935a50 (webtiles) character file.

Game seed: 17066153226265095424

64063 emperorscorpion the Demolition Djinni (level 15, -8/118 HPs)
             Began as a Djinni Air Elementalist on Nov 27, 2021.
             Was an Elder of Makhleb.
             Killed from afar by Asmodeus (30 damage)
             ... with damnation
             ... in the Dungeon (Sprint IX: "|||||||||||||||||||||||||||||").
             The game lasted 00:37:17 (7589 turns).

emperorscorpion the Demolition Djinni (DjAE)        Turns: 7589, Time: 00:37:18

Health: -8/118     AC: 24    Str: 15    XL:     15   Next: 52%
Gold:   310        EV: 12    Int: 20    God:    Makhleb [****..] SH: 28 Dex: 16

rFire   + . .      SeeInvis .   i - +2 rapier (freeze)
rCold   + . .      Faith    .   H - +10 tower shield of Ignorance {rN+ Int-4}
rNeg    + . .      Spirit   .   I - +3 ice dragon scales
rPois   ∞          Reflect  .   j - +0 helmet
rElec   .          Harm     .   J - +1 cloak {Stlth+}
rCorr   .          Rampage  .   (no gloves)
Will    +....      NoTele   +   (boots unavailable)
Stlth   ++........              (no amulet)
HPRegen 0.29/turn               q - ring "Metinn" {Fly Str+6 Int+4 Dex-2}
MPRegen 0.00/turn               m - +3 ring of dexterity

@: brilliant, freezing walls, flying
A: sickness immunity, fire resistance 2, cold vulnerability 1, float, innate
caster, hp casting, extra vitality 1
a: Renounce Religion, Minor Destruction, Lesser Servant of Makhleb, Major
Destruction


You were in the Dungeon.
You worshipped Makhleb.
Makhleb was greatly pleased with you.
You visited 1 branch You collected 1922 gold pieces.
You spent 1612 gold pieces at shops.

Inventory:

Hand Weapons
 g - a +0 short sword
 i - a +2 rapier of freezing (weapon)
 t - a +0 dagger of distortion
 v - a +0 arbalest
 G - a +4 demon blade of draining
Missiles
 r - 3 boomerangs of dispersal
 u - 5 curare-tipped darts
 w - 82 bolts
Armour
 a - a +0 robe
 c - a +0 leather armour
 d - a +0 buckler
 j - a +0 helmet (worn)
 k - a +1 chain mail
 A - a +1 chain mail of willpower
 H - the +10 tower shield of Ignorance (worn) {rN+ Int-4}
   (You found it in the Dungeon)

   Int:       It affects your intelligence (-4).
   rN:        It protects you from negative energy.
 I - +3 ice dragon scales (worn)
 J - a +1 cloak of stealth (worn)
Jewellery
 l - a +3 ring of strength
 m - a +3 ring of dexterity (right hand)
 q - the ring "Metinn" (left hand) {Fly Str+6 Int+4 Dex-2}
   (You bought it in a shop in the Dungeon)

   [ring of flight]

   Str:       It affects your strength (+6).
   Int:       It affects your intelligence (+4).
   Dex:       It affects your dexterity (-2).
   Fly:       It grants you flight.
 z - the ring "Aro Qast" {Fly rPois Will+}
   (You bought it in a shop in the Dungeon)

   [ring of flight]

   rPois:     It protects you from poison.
   Fly:       It grants you flight.
   Will:      It increases your willpower.
 D - a ring of fire
 E - a ring of willpower
 F - a ring of protection from cold
Scrolls
 f - 3 scrolls of blinking
 p - 3 scrolls of enchant weapon
 x - a scroll of fear
 y - 3 scrolls of fog
 C - 2 scrolls of identify
Potions
 b - a potion of curing
 e - 2 potions of heal wounds
 h - 2 potions of berserk rage
 o - a potion of mutation
 s - 2 potions of brilliance


   Skills:
 * Level 14.8 Fighting
 + Level 1.6 Short Blades
 * Level 18.1 Armour
 + Level 11.6 Dodging
 + Level 3.1 Stealth
 * Level 12.8 Shields
 * Level 12.4 Spellcasting
 O Level 27 Invocations
 - Level 5.7 Evocations


You had 4 spell levels left.
You knew the following spells:

 Your Spells              Type           Power      Damage    Failure   Level
a - Shock                 Conj/Air       100%       1d9       1%          1
b - Static Discharge      Conj/Air       75%        N/A       1%          2
c - Swiftness             Air            75%        N/A       1%          3
d - Airstrike             Air            37%        N/A       4%          4
e - Freeze                Ice            100%       1d11      1%          1
f - Poisonous Vapours     Pois/Air       100%       N/A       1%          2
g - Tukima's Dance        Hex            75%        N/A       1%          3
h - Frozen Ramparts       Ice            100%       1d12      1%          3
i - Animate Armour        Summ/Erth      100%       N/A       4%          4
j - Agony                 Necr           75%        N/A       12%         5
k - Eringya's Noxious Bo  Tmut/Pois      37%        N/A       56%         6
Your spell library was empty.

Dungeon Overview and Level Annotations

Branches:
Dungeon (1/1)

Altars:
Cheibriados
Dithmenos
Elyvilon
Fedhas
Gozag
Hepliaklqana
Kikubaaqudgha
Makhleb
Nemelex Xobeh
Okawaru
Qazlal
Ru
Sif Muna
Trog
Uskayaw
Vehumet
Wu Jian
Xom
Yredelemnul
Zin
The Shining One
Beogh
Jiyva
Lugonu

Shops:
D =[?=

Annotations:
D Asmodeus


Innate Abilities, Weirdness & Mutations

You are immune to sickness and miasma.
You are immune to poison.
Your flesh is very heat resistant. (rF++)
You are vulnerable to cold. (rC-)
You float through the air rather than walking.
You learn spells naturally, not from books.
Your magical power is your life essence.
You have superior vitality. (+4 HP)


Message History

The wall freezes Asmodeus.
Asmodeus gestures at you. The bolt of fire hits you! You resist.
* * * LOW HITPOINT WARNING * * *
Unknown command.
Unknown command.
Unknown command.
Press: ? - help, Shift-Dir - straight line, f/p - Asmodeus
Aim: Asmodeus, wielding the +7 sceptre of Asmodeus (heavily wounded, surrounded by flames)
The bolt of fire hits Asmodeus.
Asmodeus completely resists.
Asmodeus is heavily wounded.
The wall freezes Asmodeus.
Unknown command.
Unknown command.
Unknown command.
You feel much better.
You are engulfed in blazing flames.
You resist.
The wall freezes Asmodeus!
Asmodeus gestures.
A demon appears!
You can no longer summon a greater servant of Makhleb.
You are engulfed in blazing flames.
You resist.
The wall freezes Asmodeus!
You block Asmodeus's attack.
The hellion is engulfed in blazing flames.
The wall freezes the hellion.
The hellion gestures at you.
The sphere of damnation explodes!
The damnation engulfs you!!
* * * LOW HITPOINT WARNING * * *
The damnation engulfs the hellion.
The hellion completely resists.
The damnation engulfs Asmodeus.
Asmodeus completely resists.
The wall freezes the hellion.
The hellion misses you.
Unknown command.
You feel much better.
You are engulfed in blazing flames.
You resist.
* * * LOW HITPOINT WARNING * * *
Your resistance to elements expires.
The wall freezes the hellion!
You block the hellion's attack.
The hellion is engulfed in blazing flames.
The wall freezes the hellion.
The wall freezes Asmodeus.
Asmodeus gestures at you.
The sphere of damnation explodes!
The damnation engulfs you!!
You die...

▓...).....)..=..)))).)))
▓▓▓▓▓▓▓▓▓▓▓▓▓▓▓▓▓▓▓▓▓▓▓▓
▓..........)............
▓.▓▓▓▓▓▓▓▓▓▓▓▓▓▓▓▓▓▓▓▓▓▓
▓...............'.......
▓▓▓▓▓▓▓▓▓▓▓▓▓▓▓▓▓▓▓▓▓▓▓▓
▓............[..........
▓.▓▓▓▓▓▓▓▓▓▓▓▓▓▓▓▓▓▓▓▓▓▓
▓....22@&2...s..[°○○&)○○
▓▓▓▓▓▓▓▓▓▓▓▓▓▓▓▓▓▓▓▓▓▓▓▓
*,,,,,,,,,,,,,,,,,,,,,,,
*,**********************
*,,,,,,,,,,,,+,,,,,,,,,,
************************
*,,,,,,,,,,,,,,,,,,,,,,,
*,**********************
*,,,,,,,+,,,,,,,,,,,,,+,


You could see Asmodeus (clouds), an emperor scorpion (summoned), 2 hellions and
a friendly blizzard demon (summoned).

Vanquished Creatures
  A lich (D)
  Rupert (D)
  Frances (D)
  2 tengu reavers (D)
  A fenstrider witch (D)
  A fire giant (D)
  A frost giant (D)
  An emperor scorpion (D)
  2 very ugly things (D)
  A stone giant (D)
  2 entropy weavers (D)
  2 dire elephants (D)
  2 bunyips (D)
  A spark wasp (D)
  A merfolk javelineer (D)
  2 fire dragons (D)
  2 eleionomae (D)
  2 ettins (D)
  A yaktaur captain (D)
  An ironbound thunderhulk (D)
  3 hydras (D)
  A boulder beetle (D)
  A naga warrior (D)
  An ice dragon (D)
  An alligator (D)
  2 ironbound frosthearts (D)
  An ogre mage (D)
  An alligator snapping turtle (D)
  An anaconda (D)
  3 centaur warriors (D)
  A death knight (D)
  2 deep troll shamans (D)
  5 orc high priests (D)
  2 deep troll earth magi (D)
  2 tengu warriors (D)
  2 shock serpents (D)
  A naga sharpshooter (D)
  A hell knight (D)
  3 spriggan berserkers (D)
  Sonja (D)
  A goliath frog (D)
  A salamander mystic (D)
  A sea snake (D)
  A skeletal warrior (D)
  A glowing orange brain (D)
  A spriggan druid (D)
  3 wizards (D)
  2 deep elf pyromancers (D)
  A lindwurm (D)
  A harpy (D)
  10 orc knights (D)
  A cyclops (D)
  An ugly thing (D)
  A manticore (D)
  A wolf spider (D)
  A gargoyle (D)
  7 elephants (D)
  2 black mambas (D)
  A torpor snail (D)
  2 cane toads (D)
  3 komodo dragons (D)
  2 demonic crawlers (D)
  A rime drake (D)
  2 tengu conjurers (D)
  A merfolk (D)
  A polar bear (D)
  2 redbacks (D)
  A snapping turtle (D)
  2 wyverns (D)
  Eustachio (D)
  2 water elementals (D)
  2 basilisks (D)
  A wraith (D)
  Grum (D)
  A naga (D)
  An acid dragon (D)
  4 water moccasins (D)
  8 orc warriors (D)
  A centaur (D)
  2 wolves (D)
  A scorpion (D)
  A killer bee (D)
  2 jellies (D)
  2 orc priests (D)
  5 orc wizards (D)
  12 orcs (D)
  A bat zombie (D)
  An endoplasm (D)
  A giant cockroach (D)
  A goblin (D)
  A bat (D)
  A kobold (D)
171 creatures vanquished.

Notes
Turn   | Place    | Note
-------+----------+-------------------------------------------
     0 | D        | emperorscorpion the Djinni Air Elementalist began the quest
                  | for the Orb.
     0 | D        | Reached XP level 1. HP: 15/15 MP: 0/0
     3 | D        | Banished a spatial maelstrom
   121 | D        | Noticed a jelly
   121 | D        | Noticed a jelly
   124 | D        | Reached XP level 2. HP: 18/21 MP: 0/0
   127 | D        | Reached skill level 5 in Spellcasting
   127 | D        | Reached XP level 3. HP: 25/25 MP: 0/0
   127 | D        | Learned a level 1 spell: Freeze
   132 | D        | Reached XP level 4. HP: 26/31 MP: 0/0
   140 | D        | Found a snail-covered altar of Cheibriados.
   140 | D        | Found a shadowy altar of Dithmenos.
   140 | D        | Found a white marble altar of Elyvilon.
   140 | D        | Found a blossoming altar of Fedhas.
   140 | D        | Found an opulent altar of Gozag.
   141 | D        | Found a hazy altar of Hepliaklqana.
   142 | D        | Found a viscous altar of Jiyva.
   144 | D        | Found a corrupted altar of Lugonu.
   145 | D        | Found a burning altar of Makhleb.
   146 | D        | Found a sparkling altar of Nemelex Xobeh.
   147 | D        | Found an iron altar of Okawaru.
   148 | D        | Found a stormy altar of Qazlal.
   149 | D        | Found a sacrificial altar of Ru.
   151 | D        | Found a bloodstained altar of Trog.
   152 | D        | Found a hide-covered altar of Uskayaw.
   153 | D        | Became a worshipper of Makhleb the Destroyer
   155 | D        | Found an ornate altar of the Wu Jian Council.
   156 | D        | Found a shimmering altar of Xom.
   157 | D        | Found a basalt altar of Yredelemnul.
   158 | D        | Found a glowing silver altar of Zin.
   159 | D        | Found a glowing golden altar of the Shining One.
   262 | D        | Noticed an acid dragon
   262 | D        | Noticed a wyvern
   262 | D        | Noticed a wraith
   262 | D        | Noticed a gargoyle
   508 | D        | Killed an acid dragon
   509 | D        | Reached skill level 5 in Dodging
   509 | D        | Reached skill level 4 in Invocations
   509 | D        | Reached XP level 5. HP: 9/35 MP: 0/0
   509 | D        | Learned a level 2 spell: Poisonous Vapours
   511 | D        | Reached skill level 5 in Armour
   511 | D        | Reached skill level 5 in Invocations
   511 | D        | Reached XP level 6. HP: 40/40 MP: 0/0
   512 | D        | Killed a wyvern
   512 | D        | Reached * piety under Makhleb
   513 | D        | Reached skill level 7 in Invocations
   513 | D        | Reached skill level 1 in Evocations
   513 | D        | Reached XP level 7. HP: 45/45 MP: 0/0
   513 | D        | Learned a level 3 spell: Tukima's Dance
   513 | D        | Killed a wraith
   514 | D        | Reached skill level 8 in Invocations
   517 | D        | Killed a gargoyle
   517 | D        | Reached ** piety under Makhleb
   518 | D        | Reached skill level 9 in Invocations
   518 | D        | Reached XP level 8. HP: 43/50 MP: 0/0
   534 | D        | Noticed a six-headed hydra
   534 | D        | Noticed a tengu conjurer
   534 | D        | Noticed a death knight
   534 | D        | Noticed a centaur warrior
   537 | D        | Killed a tengu conjurer
   538 | D        | Reached skill level 10 in Invocations
   933 | D        | Killed a six-headed hydra
   933 | D        | Reached *** piety under Makhleb
   934 | D        | Reached skill level 1 in Fighting
   934 | D        | Reached skill level 10 in Armour
   934 | D        | Reached skill level 12 in Invocations
   934 | D        | Reached XP level 9. HP: 46/57 MP: 0/0
   934 | D        | Learned a level 3 spell: Frozen Ramparts
  1039 | D        | Killed a death knight
  1040 | D        | Reached skill level 10 in Dodging
  1040 | D        | Reached skill level 13 in Invocations
  1040 | D        | Reached skill level 5 in Evocations
  1045 | D        | Killed a centaur warrior
  1046 | D        | Reached skill level 14 in Invocations
  1046 | D        | Reached XP level 10. HP: 18/64 MP: 0/0
  1380 | D        | Noticed a cane toad
  1380 | D        | Noticed a six-headed hydra
  1380 | D        | Noticed a cane toad
  1380 | D        | Noticed a komodo dragon
  1384 | D        | Killed a cane toad
  1384 | D        | Reached **** piety under Makhleb
  1385 | D        | Reached skill level 1 in Shields
  1386 | D        | Killed a cane toad
  1386 | D        | Killed a komodo dragon
  1386 | D        | Noticed an elephant
  1387 | D        | Reached skill level 15 in Invocations
  1387 | D        | Killed a six-headed hydra
  1387 | D        | Reached ***** piety under Makhleb
  1390 | D        | Killed an elephant
  1393 | D        | Reached skill level 16 in Invocations
  1497 | D        | Noticed a komodo dragon
  1497 | D        | Noticed a komodo dragon
  1497 | D        | Noticed a torpor snail
  1500 | D        | Killed a komodo dragon
  1501 | D        | Reached XP level 11. HP: 60/68 MP: 0/0
  1501 | D        | Learned a level 4 spell: Animate Armour
  1502 | D        | Reached ****** piety under Makhleb
  1503 | D        | Reached skill level 17 in Invocations
  1569 | D        | Noticed an elephant
  1569 | D        | Noticed an elephant
  1569 | D        | Noticed a dire elephant
  1569 | D        | Noticed an elephant
  1569 | D        | Noticed an elephant
  1569 | D        | Noticed an elephant
  1573 | D        | Killed an elephant
  1573 | D        | Killed an elephant
  1574 | D        | Reached skill level 18 in Invocations
  1574 | D        | Killed an elephant
  1574 | D        | Killed an elephant
  1574 | D        | Noticed a dire elephant
  1575 | D        | Killed a dire elephant
  1576 | D        | Reached skill level 19 in Invocations
  1578 | D        | Killed a dire elephant
  1578 | D        | Killed an elephant
  1683 | D        | Noticed an elephant
  1688 | D        | Killed an elephant
  1689 | D        | Reached skill level 20 in Invocations
  1777 | D        | Noticed Sonja
  1781 | D        | Killed Sonja
  1921 | D        | Reached XP level 12. HP: 73/79 MP: 0/0
  2327 | D        | Reached skill level 5 in Fighting
  2327 | D        | Reached skill level 21 in Invocations
  2957 | D        | Found Cibissusi's Jewellery Emporium.
  2957 | D        | Noticed an orc high priest
  2957 | D        | Noticed an orc high priest
  2959 | D        | Killed an orc high priest
  2960 | D        | Noticed an orc high priest
  2961 | D        | Reached skill level 1 in Short Blades
  2961 | D        | Killed an orc high priest
  2962 | D        | Reached skill level 22 in Invocations
  2962 | D        | Noticed a soul eater
  2962 | D        | Killed an orc high priest
  3603 | D        | Noticed an orc high priest
  3606 | D        | Killed an orc high priest
  4036 | D        | Reached skill level 23 in Invocations
  4149 | D        | Noticed an orc high priest
  4152 | D        | Killed an orc high priest
  4153 | D        | Reached XP level 13. HP: 79/89 MP: 0/0
  4153 | D        | Learned a level 5 spell: Agony
  4199 | D        | Found Ekhlir Nop's Antique Armour Shoppe.
  4203 | D        | Found Yfera's Magic Scroll Emporium.
  4207 | D        | Found Pobujodd's Jewellery Shoppe.
  4219 | D        | Bought a scroll of magic mapping for 42 gold pieces
  4219 | D        | Bought a scroll of fog for 24 gold pieces
  4222 | D        | Bought an embroidered cloak for 210 gold pieces
  4235 | D        | Bought the ring "Metinn" {Fly Str+6 Int+4 Dex-2} for 495
                  | gold pieces
  4235 | D        | Bought the ring "Aro Qast" {Fly rPois Will+} for 411 gold
                  | pieces
  4239 | D        | Bought a shiny chain mail for 210 gold pieces
  4249 | D        | Bought a runed scale mail for 196 gold pieces
  4251 | D        | Bought a scroll of identify for 24 gold pieces
  4285 | D        | Noticed Eustachio
  4292 | D        | Killed Eustachio
  4474 | D        | Found the +10 tower shield of Ignorance {rN+ Int-4}
  4530 | D        | Noticed an ogre mage
  4530 | D        | Noticed a boulder beetle
  4530 | D        | Noticed a centaur warrior
  4533 | D        | Killed an ogre mage
  4534 | D        | Killed a boulder beetle
  4534 | D        | Killed a centaur warrior
  4535 | D        | Reached skill level 24 in Invocations
  4538 | D        | Noticed a centaur warrior
  4540 | D        | Killed a centaur warrior
  4541 | D        | Noticed a fire dragon
  4834 | D        | Noticed a stone giant
  4837 | D        | Killed a stone giant
  4839 | D        | Killed a fire dragon
  4842 | D        | Noticed a frost giant
  4843 | D        | Reached skill level 25 in Invocations
  5321 | D        | Killed a frost giant
  5548 | D        | Noticed a tengu reaver
  5553 | D        | Killed a tengu reaver
  5893 | D        | Noticed Frances
  5898 | D        | Killed Frances
  5899 | D        | Reached skill level 5 in Shields
  5927 | D        | Noticed an entropy weaver
  5927 | D        | Noticed a spark wasp
  5929 | D        | Killed a spark wasp
  5929 | D        | Noticed an emperor scorpion
  5930 | D        | Reached skill level 26 in Invocations
  5930 | D        | Killed an entropy weaver
  5931 | D        | Noticed an entropy weaver
  5933 | D        | Killed an emperor scorpion
  5933 | D        | Killed an entropy weaver
  5934 | D        | Reached XP level 14. HP: 87/99 MP: 0/0
  6001 | D        | Noticed a fenstrider witch
  6001 | D        | Noticed a bunyip
  6007 | D        | Killed a fenstrider witch
  6007 | D        | Killed a bunyip
  6008 | D        | Reached skill level 15 in Armour
  6008 | D        | Reached skill level 27 in Invocations
  6010 | D        | Noticed a bunyip
  6012 | D        | Killed a bunyip
  6013 | D        | Reached skill level 10 in Fighting
  6153 | D        | Reached skill level 10 in Spellcasting
  6699 | D        | Noticed Grum
  6703 | D        | Reached skill level 10 in Shields
  6703 | D        | Killed Grum
  6783 | D        | Noticed Rupert
  6786 | D        | Killed Rupert
  6850 | D        | Noticed a green very ugly thing
  6850 | D        | Noticed a fire giant
  6853 | D        | Killed a green very ugly thing
  6854 | D        | Reached XP level 15. HP: 107/113 MP: 0/0
  6854 | D        | Learned a level 6 spell: Eringya's Noxious Bog
  6855 | D        | Killed a fire giant
  6865 | D        | Noticed a lich
  6868 | D        | Killed a lich
  7450 | D        | Noticed a white very ugly thing
  7453 | D        | Killed a white very ugly thing
  7537 | D        | Noticed a tengu reaver
  7537 | D        | Noticed a royal mummy
  7537 | D        | Found the +7 sceptre of Asmodeus
  7537 | D        | Noticed Asmodeus
  7541 | D        | Killed a tengu reaver
  7570 | D        | Noticed a balrug
  7570 | D        | Noticed a balrug
  7587 | D        | Noticed an emperor scorpion
  7589 | D        | Killed from afar by Asmodeus

Illustrated notes

Levels and vault maps discovered:
D:        linesprint [early_d, line_temple, items_1, d_10, items_2, lair_1,
          lair_end, items_3, orc_1, orc_end, items_4, d_15, swamp_1, shoals_1,
          snake_1, spider_1, d_20, vaults_1, items_5, swamp_end, shoals_end,
          snake_end, spider_end, vaults_end, d_27, items_6, zot_1, zot_end,
          crypt_end, forest_end, elf_end, slime_end, tomb_end, abyss_end,
          pan_hell_end]

Skill      XL: |  1  2  3  4  5  6  7  8  9 10 11 12 13 14 15 |
---------------+----------------------------------------------+-----
Spellcasting   | 3 5 6 7 8 10 12 | 12.4
Dodging        | 3 5 6 8 9 10 11 | 11.6
Stealth        | 2 3 |  3.1
Armour         | 4 5 7 9 10 12 13 14 16 18 | 18.1
Invocations    | 4 5 7 9 12 14 16 20 23 26 27 | 27.0
Evocations     | 1 2 4 5 |  5.7
Fighting       | 1 2 4 6 8 12 14 | 14.8
Shields        | 4 5 10 12 | 12.8
Short Blades   | 1 |  1.6

Action                   |  1- 3 |  4- 6 |  7- 9 | 10-12 | 13-15 || total
-------------------------+-------+-------+-------+-------+-------++-------
Melee: Short sword       |     6 |     2 |       |       |       ||     8
       Rapier            |       |       |       |    14 |     8 ||    22
 Cast: Shock             |     7 |       |     2 |     2 |       ||    11
       Static Discharge  |       |     4 |     6 |       |       ||    10
       Airstrike         |       |       |     3 |       |     1 ||     4
       Poisonous Vapours |       |       |     3 |       |       ||     3
       Frozen Ramparts   |       |       |     1 |     3 |     5 ||     9
       Tukima's Dance    |       |       |     1 |       |       ||     1
       Animate Armour    |       |       |       |       |     1 ||     1
Invok: Minor Destruction |       |       |    14 |     3 |       ||    17
       Major Destruction |       |       |       |    72 |   124 ||   196
       Greater Servant o |       |       |       |       |     5 ||     5
Evoke: Wand              |       |     3 |     7 |       |       ||    10
  Use: Potion            |     1 |     2 |     7 |       |    11 ||    21
       Scroll            |       |       |     1 |       |     4 ||     5
Armor: Robe              |     3 |     1 |       |       |       ||     4
       Chain mail        |       |       |    10 |    12 |     1 ||    23
       Leather armour    |       |       |     1 |     4 |       ||     5
       Ice dragon scales |       |       |       |       |     6 ||     6
Dodge: Dodged            |     3 |     7 |    29 |    15 |    10 ||    64
Block: Buckler           |       |       |       |     6 |     1 ||     7
       Tower shield      |       |       |       |       |    30 ||    30

Table legend: (Time is in decaauts)
 A = Elapsed time spent in this place.
 B = Non-inter-level travel time spent in this place.
 C = Inter-level travel time spent in this place.
 D = Time resting spent in this place.
 E = Time spent auto-exploring this place.
 F = Levels seen in this place.
 G = Mean time per level.
                   A        B        C        D        E       F      G
               +--------+--------+--------+--------+--------+-----+--------+
         Total |   7578 |   5694 |   1884 |   1372 |   2913 |   1 | 7578.0 |
       Dungeon |   7578 |   5694 |   1884 |   1372 |   2913 |   1 | 7578.0 |
               +--------+--------+--------+--------+--------+-----+--------+

Top non-repeatable levels by time:
       D: 7578 daAuts
